 Dungeon Crawl Stone Soup version 0.21.0-3-g78d12a8 (console) character file.

76 removed the Insei (level 4, -1/32 HPs)
             Began as a Barachi Transmuter on Jan 17, 2018.
             Slain by a gnoll
             ... wielding a +0 spear
              (5 damage)
             ... on level 3 of the Dungeon.
             The game lasted 00:02:22 (2203 turns).

removed the Insei (Barachi Transmuter)              Turns: 2203, Time: 00:02:23

Health: -1/32      AC:  6    Str: 12    XL:     4   Next: 32%
Magic:  7/7        EV: 12    Int: 14    God:
Gold:   143        SH:  0    Dex: 12    Spells: 6/7 levels left

rFire    . . .     SeeInvis .     - Unarmed
rCold    . . .     Gourm    .   (no shield)
rNeg     . . .     Faith    .   b - +0 robe
rPois    .         Spirit   .   e - +2 hat
rElec    .         Reflect  .   i - +0 cloak
rCorr    .         Harm     .   v - +0 pair of gloves
MR       +....                  (no boots)
Stlth    +.........             (no amulet)
HPRegen  0.10/turn              o - ring of protection from magic
MPRegen  0.10/turn              x - ring of flight

@: slow
A: +LOS, swims, slowness 1, strong legs 1
a: Hop, Evoke Flight


You were on level 3 of the Dungeon.
You were not hungry.

You visited 1 branch of the dungeon, and saw 3 of its levels.

You collected 143 gold pieces.

Inventory:

Hand Weapons
 h - a +1 dagger of holy wrath
Missiles
 a - 28 arrows
Armour
 b - a +0 robe (worn)
 e - a +2 hat (worn)
 i - a +0 cloak (worn)
 v - a +0 pair of gloves (worn)
Jewellery
 o - a ring of protection from magic (left hand)
 x - a ring of flight (right hand)
Scrolls
 g - a scroll of amnesia {unknown}
 j - a scroll of noise {unknown}
 m - 5 scrolls of identify {unknown}
 r - 2 scrolls of remove curse {unknown}
 u - a scroll of teleportation {unknown}
 w - a scroll of magic mapping {unknown}
Potions
 k - 2 potions of curing {unknown}
 l - a potion of agility {unknown}
 n - a potion of brilliance {unknown}
 p - a potion of degeneration {unknown}
 q - a potion of might {unknown}
 s - 3 potions of magic {unknown}
Books
 c - a book of Changes

   Spells                             Type                      Level
   a - Beastly Appendage              Transmutation                1
   b - Sticks to Snakes               Transmutation                2
   c - Spider Form                    Transmutation/Poison         3
   d - Ice Form                       Ice/Transmutation            4
   e - Blade Hands                    Transmutation                5
Comestibles
 d - 3 rations
 t - a chunk of flesh


   Skills:
 - Level 1.2 Fighting
 - Level 2.1 Dodging
 + Level 5.5 Unarmed Combat
 - Level 2.1 Spellcasting
 - Level 2.1 Transmutations


You had 6 spell levels left.
You knew the following spells:

 Your Spells              Type           Power        Failure   Level  Hunger
a - Beastly Appendage     Tmut           #.....       10%         1    #......


Dungeon Overview and Level Annotations

Branches:
Dungeon (3/15)

Altars:


Innate Abilities, Weirdness & Mutations

Shadows flee at your approach. (+LOS)
You can swim through water.
You cover ground slowly.
You can hop short distances.


Message History

You hit the gnoll but do no damage.
The gnoll is moderately wounded.
The gnoll hits you from afar with a spear.
The gnoll hits you with a whip.
You hit the gnoll.
The gnoll is severely wounded.
You hit the gnoll.
The gnoll is almost dead.
The gnoll hits you from afar with a spear.
The gnoll hits you with a whip.
You hit the gnoll.
You kill the gnoll!
The gnoll hits you from afar with a spear.
You are too injured to fight recklessly!
You hit the rat.
You kill the rat!
The gnoll hits you from afar with a spear!
* * * LOW HITPOINT WARNING * * *
The gnoll hits you from afar with a spear.
You die...

#........#
##......[.#####.
#............... #.
####.#######
#.##..........#
#.#...#†......#
#.#....gg######
#.#..###)# #.#....#@#
#.#..<.#.#
#........######.#
#####.#.............#
..#..†........#######
#.###.#######.# #.#
#.# #.# #.# #.# #.#
#####.###.# #.#


You could see 2 gnolls.

Vanquished Creatures
  A gnoll (D:3)
  2 worms (D:2)
  A dart slug (D:1)
  A leopard gecko (D:1)
  2 ball pythons
  3 giant cockroaches
  6 goblins
  7 hobgoblins
  6 kobolds
  10 bats
  2 frilled lizards (D:1)
  14 rats
55 creatures vanquished.

Notes
Turn   | Place    | Note
-------+----------+-------------------------------------------
     0 | D:1      | removed the Barachi Transmuter began the quest for the Orb.
     0 | D:1      | Reached XP level 1. HP: 15/15 MP: 3/3
   170 | D:1      | Reached XP level 2. HP: 12/21 MP: 5/5
   360 | D:1      | Reached skill level 4 in Unarmed Combat
   670 | D:1      | Reached XP level 3. HP: 26/26 MP: 6/6
  1382 | D:2      | Reached skill level 5 in Unarmed Combat
  1725 | D:2      | Reached XP level 4. HP: 32/32 MP: 7/7
  2203 | D:3      | Slain by a gnoll

Skill      XL: |  1  2  3 |
---------------+----------+-----
Unarmed Combat | 4 5 |  5.5
Fighting       | |  1.2
Dodging        | |  2.1
Spellcasting   | |  2.1
Transmutations | |  2.1

Action                   |  1- 3 |  4- 6 || total
-------------------------+-------+-------++-------
Melee: Unarmed           |   170 |    38 ||   208
 Stab: Sleeping          |     2 |     2 ||     4
  Eat: Chunk             |     3 |     2 ||     5
Armor: Robe              |    76 |    18 ||    94
Dodge: Dodged            |   102 |    27 ||   129
